 Dungeon Crawl Stone Soup version 0.29.1-2-gbd0b4ee654 (webtiles) character file.

Game seed: 18384098899613054717

25 bmack86 the Digger (level 2, -2/24 HPs)
             Began as a Troll Earth Elementalist on Nov 21, 2022.
             Was a Follower of Elyvilon.
             Slain by a worm (7 damage)
             ... on level 2 of the Dungeon.
             The game lasted 00:11:19 (1208 turns).

bmack86 the Digger (Troll Earth Elementalist)       Turns: 1208, Time: 00:11:20

Health: -2/24      AC:  4    Str: 15    XL:     2   Next: 86%
Magic:  3/3        EV:  9    Int: 11    God:    Elyvilon [*.....]
Gold:   57         SH:  0    Dex: 10    Spells: 0/3 levels left

rFire   . . .      SeeInvis .   j - +2 whip (flame)
rCold   . . .      Faith    .   (no shield)
rNeg    . . .      Spirit   .   a - +0 robe
rPois   .          Reflect  .   (helmet restricted)
rElec   .          Harm     .   (no cloak)
rCorr   .          Rampage  .   (gloves unavailable)
Will    .....                   (boots unavailable)
Stlth   +.........              (no amulet)
HPRegen 0.88/turn               (no ring)
MPRegen 0.08/turn               (no ring)

@: no status effects
A: large, unfitting armour, claws 3, regeneration 1, shaggy fur 1, tough skin 1
a: Renounce Religion, Purification


You were on level 2 of the Dungeon.
You worshipped Elyvilon.
Elyvilon was aware of your devotion.
You visited 1 branch of the dungeon, and saw 2 of its levels.

You collected 57 gold pieces.

Inventory:

Hand Weapons
 g - a +0 whip
 j - a +2 whip of flaming (weapon)
 k - a +0 short sword
 l - a +0 hand axe
 o - a +0 short sword
Missiles
 c - 15 stones
Armour
 a - a +0 robe (worn)
 n - a +0 scale mail
Scrolls
 d - a scroll of amnesia {unknown}
 f - a scroll of fear {unknown}
 i - a scroll of identify {unknown}
 m - a scroll of enchant weapon {unknown}
Potions
 b - a potion of magic
 e - a potion of might {unknown}
 h - 2 potions of ambrosia {unknown}
 p - a potion of curing {unknown}


   Skills:
 + Level 1.7 Dodging
 + Level 1.0 Stealth
 + Level 0.6 Unarmed Combat
 + Level 1.4 Spellcasting
 + Level 0.6 Transmutations
 + Level 3.3 Earth Magic


You couldn't memorise any spells.
You knew the following spells:

 Your Spells              Type           Power      Damage    Failure   Level
a - Sandblast             Erth           16%        2d6       8%          1
b - Passwall              Tmut/Erth      4%         N/A       22%         2

Your spell library contained the following spells:

 Spells                   Type           Power      Damage    Failure   Level
 Stone Arrow              Conj/Erth      8%         3d7       43%         3
 Petrify                  Tmut/Erth      5%         N/A       80%         4
 Blade Hands              Tmut           1%         N/A       100%        5
 Irradiate                Conj/Tmut      0%         3d11      100%        5
 Dragon Form              Tmut           1%         N/A       100%        7


Dungeon Overview and Level Annotations

Branches:
Dungeon (2/15)

Altars:
Elyvilon

Shops:
D:1 ([   D:2 [


Innate Abilities, Weirdness & Mutations

You are too large for most types of armour.
You have claws for hands.
Your natural rate of healing is unusually fast.
You are covered in fur. (AC +1)
You have tough skin. (AC +1)


Message History

You open the door.
There is an open door here.
c - 15 stones (gained 5)
p - a black potion You now have 51 gold pieces (gained 10).
You now have 57 gold pieces (gained 6).
There is a stone staircase leading up here.
Found a stone staircase leading down.
h - 2 metallic clear potions (gained 1)
A goblin comes into view. It is wielding a +0 club.
The goblin shouts!
A ball python comes into view.
You hit the goblin. You burn the goblin.
You kill the goblin!
A worm comes into view.
Things that are here:
a +0 club; a scroll labelled YPTUON OBBI You closely miss the ball python.
The ball python completely misses you.
You hit the ball python. You burn the ball python.
You kill the ball python!
You see here a ball python corpse.
The worm bites you.
You hit the worm. You burn the worm.
The worm is moderately wounded.
The worm bites you!
You hit the worm. You burn the worm.
The worm is heavily wounded.
You hit the worm but do no damage.
The worm is heavily wounded.
The worm bites you!
* * * LOW HITPOINT WARNING * * *
You hit the worm. You burn the worm.
The worm is severely wounded.
You hit the worm. You burn the worm.
The worm is almost dead.
The worm bites you but does no damage.
You completely miss the worm.
The worm is severely wounded.
The worm bites you!
You die...

...# . #..# .. ..## ###
^.. ... ..# #.. #.# #.#
##...####.# #.#
..........####.#########
#...w@.†)........#....
##.#########..........
#####.#.### #.#.# #.#.#
#...# ###.# #.# ###.###


You could see a worm.

Vanquished Creatures
  A dart slug (D:1)
  2 endoplasms (D:1)
  2 giant cockroaches (D:1)
  3 goblins
  2 hobgoblins (D:1)
  3 kobolds
  2 quokkas (D:1)
  2 ball pythons
  4 rats (D:1)
21 creatures vanquished.

Vanquished Creatures (others)
  5 plants (D:1)
5 creatures vanquished.

Grand Total: 26 creatures vanquished

Notes
Turn   | Place    | Note
-------+----------+-------------------------------------------
     0 | D:1      | bmack86 the Troll Earth Elementalist began the quest for
                  | the Orb.
     0 | D:1      | Reached XP level 1. HP: 16/16 MP: 1/1
   194 | D:1      | Reached skill level 3 in Earth Magic
   194 | D:1      | Reached XP level 2. HP: 24/24 MP: 3/3
   197 | D:1      | Learned a level 2 spell: Passwall
   514 | D:1      | Found a faded altar of an unknown god.
   521 | D:1      | Prayed at the altar of an unknown god.
   521 | D:1      | Became a worshipper of Elyvilon the Healer
   521 | D:1      | Reached * piety under Elyvilon
   643 | D:1      | Found Hoisuera's Armour Shoppe.
   821 | D:1      | Found Riossih's Antique Weapon Boutique.
  1082 | D:2      | Found Ovachipo's Antique Armour Shoppe.
  1208 | D:2      | Slain by a worm

Illustrated notes

Levels and vault maps discovered:
D:1:      doesnt_arrival_eight_statues, layout_loops_ring, serial_bayou,
          serial_bayou_pond_a, serial_bayou_pond_d, serial_bayou_ford_a,
          serial_bayou_pond_d, serial_shops, nicolae_shop_stone,
          nicolae_shop_window_shopping, dilly_ecumenical_altar_fadedgnrine
D:2:      layout_loops_ring, serial_shops, nicolae_shop_hallway_stairs

Skill      XL: |  1 |
---------------+----+-----
Earth Magic    | 3 |  3.3
Dodging        | |  1.7
Stealth        | |  1.0
Unarmed Combat | |  0.6
Spellcasting   | |  1.4
Transmutations | |  0.6

Action                   || total
-------------------------++-------
Melee: Unarmed           ||    46
       Whip              ||    39
 Cast: Sandblast         ||     3
Armor: Robe              ||    34
Dodge: Dodged            ||    24
